 Dungeon Crawl Stone Soup version 0.31-a0-844-gdc52ec4e09 (webtiles) character file.

Game seed: 6623303912184920699

135 pop123321pop the Cudgeller (level 4, -6/39 HPs)
             Began as a Minotaur Berserker on Oct 1, 2023.
             Was a Believer of Trog.
             Mangled by Pikel
             ... wielding a +1 whip of electrocution
              (20 damage)
             ... on level 4 of the Dungeon.
             The game lasted 00:02:47 (2438 turns).

pop123321pop the Cudgeller (Minotaur Berserker)     Turns: 2438, Time: 00:02:49

Health: -6/39      AC:  8    Str: 27    XL:     4   Next: 96%
Magic:  3/3        EV:  8    Int:  4    God:    Trog [**....]
Gold:   159        SH: 10    Dex: 12    Spells: 3/3 levels left

rFire   . . .        a - +0 mace
rCold   . . .        r - +0 tower shield
rNeg    . . .        s - +0 scale mail
rPois   .            (helmet restricted)
rElec   .            (no cloak)
rCorr   .            g - +1 pair of gloves
SInv    .            (no boots)
Will    .....        (no amulet) Stlth
                     d - +6 ring of strength
HPRegen 0.26/turn    (no ring)
MPRegen 0.08/turn

%: no passive effects
@: on berserk cooldown, slowed, very slow
A: horns 2, retaliatory headbutt
a: Renounce Religion, Berserk, Trog's Hand


You were on level 4 of the Dungeon.
You worshipped Trog.
Trog was pleased with you.
You visited 1 branch of the dungeon, and saw 4 of its levels.

You collected 159 gold pieces.

Inventory:

Hand Weapons
 a - a +0 mace (weapon)
Armour
 b - a +0 animal skin
 g - a +1 pair of gloves (worn)
 r - a +0 tower shield (worn)
 s - a +0 scale mail (worn)
Jewellery
 d - a +6 ring of strength (left hand)
Scrolls
 e - a scroll of enchant weapon {unknown}
 h - a scroll of identify {unknown}
 i - a scroll of brand weapon {unknown}
 m - a scroll of fear {unknown}
 n - a scroll of immolation {unknown}
 t - a scroll of vulnerability {unknown}
Potions
 c - a potion of berserk rage {unknown}
 f - 3 potions of enlightenment {unknown}
 j - a potion of magic {unknown}
 k - 2 potions of brilliance {unknown}
 l - a potion of resistance {unknown}
 o - a potion of heal wounds {unknown}
 p - a potion of ambrosia {unknown}
 q - a potion of curing {unknown}


   Skills:
 - Level 3.6 Fighting
 + Level 6.9 Maces & Flails
 - Level 2.4 Armour
 - Level 2.1 Dodging


You had 3 spell levels left.
You didn't know any spells.
Your spell library was empty.

Dungeon Overview and Level Annotations

Branches:
Dungeon (4/15)
 Temple: D:4-7

Altars:
Qazlal
Wu Jian

Annotations:
D:4 Pikel


Innate Abilities, Weirdness & Mutations

You have a pair of horns on your head.
You reflexively headbutt those who attack you in melee.


Message History

You sock the lemure!
The lemure is moderately wounded.
The lemure closely misses you. The lemure hits you.
Unknown command.
Unknown command.
There are monsters nearby!
There are monsters nearby!
Unknown command.
A red film seems to cover your vision as you go berserk!
You feel yourself moving faster!
You feel mighty! The lemure hits you but does no damage. The lemure hits you.
You barely miss the lemure. You block the lemure's attack.
You block Pikel's attack. You block Pikel's attack.
You block the lemure's attack. The lemure hits you.
You block the lemure's attack.
You closely miss the iguana. The lemure closely misses you.
The iguana bites you. The lemure hits you. You block the lemure's attack.
Pikel barely misses you. The lemure hits you but does no damage.
You closely miss the lemure.
The lemure is moderately wounded.
You sock the lemure! Your headbutt misses the lemure.
The lemure is almost dead.
The lemure hits you but does no damage.
The iguana bites you but does no damage.
The lemure hits you but does no damage.
Pikel hits you with a +1 whip of electrocution!
The lemure hits you but does no damage. x2
You sock the lemure!
You kill the lemure!
That felt strangely unrewarding.
You block Pikel's attack. The lemure hits you. You block the iguana's attack.
The lemure hits you but does no damage. The lemure hits you.
You are no longer berserk.
You are exhausted.
You feel yourself slow down.
Pikel hits you with a +1 whip of electrocution.
You are electrocuted!!
Ouch! That really hurt!
You die...
Pikel says, "Another soul for the market."

+...'.#..######
+###+###'..+..##
#....†..#..#...#
#.......#..#..<#
+###+###'###..## #
............#### ...
............##.###....
...........###.l......
.......#.....@.5......
.............5K5.##...
...(...........#.....
.#...#.###............
##.##. #..........#..
.. ..#.........### . .
#..........#
#...........


You could see Pikel, 3 lemures and an iguana.

Vanquished Creatures
  A lemure (D:4)
  Jessica (D:2)
  2 adders (D:2)
  A river rat (D:3)
  An ufetubus (D:4)
  2 worms (D:3)
  3 dart slugs
  5 ball pythons
  8 bats
  6 endoplasms
  4 giant cockroaches
  A goblin (D:2)
  3 hobgoblins
  4 jackals
  6 kobolds
  6 quokkas
  2 frilled lizards
  8 rats
64 creatures vanquished.

Notes
Turn   | Place    | Note
-------+----------+-------------------------------------------
     0 | D:1      | pop123321pop the Minotaur Berserker began the quest for the
                  | Orb.
     0 | D:1      | Reached XP level 1. HP: 19/19 MP: 0/0
    38 | D:1      | Reached skill level 4 in Maces & Flails
   339 | D:1      | Reached XP level 2. HP: 26/26 MP: 1/1
   737 | D:1      | Reached skill level 5 in Maces & Flails
   978 | D:2      | Noticed Jessica
   983 | D:2      | Reached XP level 3. HP: 24/31 MP: 2/2
   993 | D:1      | Reached ** piety under Trog
  1150 | D:2      | Killed Jessica
  1288 | D:2      | Reached skill level 6 in Maces & Flails
  1288 | D:2      | Reached XP level 4. HP: 39/39 MP: 3/3
  1623 | D:3      | Found a stormy altar of Qazlal.
  2058 | D:3      | Found a glowing drain.
  2401 | D:4      | Found an ornate altar of the Wu Jian Council.
  2425 | D:4      | Noticed a lemure
  2426 | D:4      | Noticed a lemure
  2427 | D:4      | Noticed Pikel
  2427 | D:4      | Noticed a lemure
  2427 | D:4      | Noticed a lemure
  2437 | D:4      | Killed a lemure
  2438 | D:4      | Mangled by Pikel

Illustrated notes

Levels and vault maps discovered:
D:1:      wander_arrival_desolate, layout_loops_ring, kennysheep_another_room,
          minmay_misc_feat_tower, serial_bayou_pond_e, minmay_surrounded
D:2:      layout_rooms, minmay_misc_feat_square, uniq_jessica
D:3:      layout_loops_ring, nicolae_qazlal_scattered_showers,
          portal_sewer_entry_a, kennysheep_small_spiral
D:4:      layout_cave_pools, grunt_gozag_statues, mainiacjoe_overflow_24_doors,
          lemuel_crystal_altar, minmay_misc_feat_roman, uniq_pikel

Skill      XL: |  1  2  3 |
---------------+----------+-----
Maces & Flails | 4 5 6 |  6.9
Fighting       | |  3.6
Armour         | |  2.4
Dodging        | |  2.1

Action                     |  1- 3 |  4- 6 || total
---------------------------+-------+-------++-------
  Melee: Mace              |    57 |    52 ||   109
         Punch             |     1 |     1 ||     2
         Headbutt          |     5 |    12 ||    17
 Invoke: Berserk           |       |     1 ||     1
   Stab: Sleeping          |       |     1 ||     1
 Armour: Animal skin       |    40 |     4 ||    44
         Scale mail        |       |    40 ||    40
  Dodge: Dodged            |    49 |    25 ||    74
  Block: Tower shield      |       |    34 ||    34

Table legend: (Time is in decaauts)
 A = Elapsed time spent in this place.
 B = Non-inter-level travel time spent in this place.
 C = Inter-level travel time spent in this place.
 D = Time resting spent in this place.
 E = Time spent auto-exploring this place.
 F = Levels seen in this place.
 G = Mean time per level.
                   A        B        C        D        E       F      G
               +--------+--------+--------+--------+--------+-----+--------+
         Total |   2463 |   2295 |    168 |    392 |   1531 |   4 |  615.8 |
       Dungeon |   2463 |   2295 |    168 |    392 |   1531 |   4 |  615.8 |
               +--------+--------+--------+--------+--------+-----+--------+

Top non-repeatable levels by time:
     D:1: 1138 daAuts
     D:3: 782 daAuts
     D:2: 466 daAuts
     D:4: 76 daAuts
